 Dungeon Crawl Stone Soup version 0.28-b1-25-g9875b3fc8c (webtiles) character file.

Game seed: 10141434302930131351

924 Anothat the Shield-Bearer (level 8, -10/64 HPs)
             Began as a Formicid Fighter on Feb 5, 2022.
             Was an Initiate of Yredelemnul.
             Mangled by a two-headed ogre (13 damage)
             ... on level 6 of the Dungeon.
             The game lasted 00:06:40 (5755 turns).

Anothat the Shield-Bearer (Formicid Fighter)        Turns: 5755, Time: 00:06:41

Health: -10/64     AC: 12    Str: 29    XL:     8   Next: 32%
Magic:  8/8        EV:  8    Int:  8    God:    Yredelemnul [......]
Gold:   233        SH:  5    Dex: 10    Spells: 7/7 levels left

rFire   . . .      SeeInvis +   a - +1 war axe
rCold   . . .      Faith    .   c - +0 buckler
rNeg    . . .      Spirit   .   l - +0 chain mail
rPois   .          Reflect  .   (helmet unavailable)
rElec   .          Harm     .   m - +0 cloak
rCorr   .          Rampage  .   e - +0 pair of gloves
Will    .....                   (no boots)
Stlth   ..........              (no amulet)
HPRegen 0.20/turn               j - +6 ring of strength
MPRegen 0.11/turn               (no ring)

@: no status effects
A: permanent stasis, dig shafts and tunnels, antennae 3, four strong arms
a: Dig, Shaft Self, Renounce Religion, Recall Undead Harvest


You were on level 6 of the Dungeon.
You worshipped Yredelemnul.
Yredelemnul was noncommittal.
You visited 2 branches of the dungeon, and saw 7 of its levels.

You collected 233 gold pieces.

Inventory:

Hand Weapons
 a - a +1 war axe (weapon)
Armour
 b - a +0 scale mail
 c - a +0 buckler (worn)
 e - a +0 pair of gloves (worn)
 l - a +0 chain mail (worn)
 m - a +0 cloak (worn)
Jewellery
 j - a +6 ring of strength (left hand)
Wands
 v - a wand of flame (5)
Scrolls
 h - a scroll of fog
 q - a scroll of teleportation
 s - a scroll of magic mapping
 t - 2 scrolls of enchant weapon
Potions
 f - 2 potions of curing
 g - a potion of invisibility {unknown}
 i - a potion of haste {unknown}
 k - a potion of attraction {unknown}
 n - a potion of brilliance {unknown}
 o - 2 potions of flight
 p - a potion of cancellation {unknown}
 u - a potion of heal wounds {unknown}


   Skills:
 + Level 5.9 Fighting
 + Level 4.9 Axes
 + Level 5.9 Armour
 + Level 6.4 Shields


You had 7 spell levels left.
You didn't know any spells.
Your spell library contained the following spells:

 Spells                   Type           Power      Damage    Failure   Level
 Sublimation of Blood     Necr           0%         N/A       98%         2
 Petrify                  Tmut/Erth      0%         N/A       100%        4
 Irradiate                Conj/Tmut      0%         3d13      100%        5


Dungeon Overview and Level Annotations

Branches:
Dungeon (6/15)             Temple (1/1) D:5

Altars:
Cheibriados
Dithmenos
Fedhas
Gozag
Hepliaklqana
Kikubaaqudgha
Makhleb
Okawaru
Qazlal
Ru
Sif Muna
Trog
Uskayaw
Vehumet
Wu Jian
Yredelemnul
The Shining One

Shops:
D:3 [   D:4 =   D:5 *(=

Annotations:
D:5 2 transporters, carontestyx's ghost, novice DECj


Innate Abilities, Weirdness & Mutations

You cannot be hasted, slowed, berserked, paralysed or teleported.
You can dig through walls and to a lower floor.
You have a pair of large antennae on your head. (SInv)
Your four strong arms can wield two-handed weapons with a shield.


Message History

The two-headed ogre hits you with a +0 giant club.
The two-headed ogre barely misses you. The jelly hits your centaur zombie.
Your centaur zombie is splashed with acid.
Your centaur zombie seems to be corroded for longer.
Okay, then.
Okay, then.
Your centaur zombie hits the jelly.
Your centaur zombie is burned by acid!
Your centaur zombie kicks the jelly.
Your centaur zombie is burned by acid!
The jelly hits your centaur zombie.
Your centaur zombie is splashed with acid.
Your centaur zombie seems to be corroded for longer.
The two-headed ogre hits you with a +0 giant club.
You block the two-headed ogre's attack.
Your centaur zombie hits the jelly.
Your centaur zombie is burned by acid!
Your centaur zombie barely misses the jelly.
The jelly hits your centaur zombie.
Your centaur zombie is splashed with acid!
Your centaur zombie seems to be corroded for longer.
Your centaur zombie is destroyed!
The jelly quivers.
You slash the jelly!
You kill the jelly!
The two-headed ogre hits you with a +0 giant club!!
The two-headed ogre hits you with a +0 giant spiked club!!
* * * LOW HITPOINT WARNING * * *
There is a stone staircase leading up here.
Found a scroll labelled BEJOESS BAYHUI.
Found 10 gold pieces.
There is a stone staircase leading up here.
There is a stone staircase leading up here.
The two-headed ogre hits you with a +0 giant club.
* * * LOW HITPOINT WARNING * * *
The two-headed ogre hits you with a +0 giant spiked club!
* * * LOW HITPOINT WARNING * * *
The two-headed ogre hits you with a +0 giant club!
You die...
Your body rises from the dead as a mindless zombie.

......##.........
......<#........#
................###
#..#...###'#......+
.........?........#
.........#.#......##
....#..#)#.#....(..####
....)........<........#..
....#..#.#.#....@.....?..
..#....##.......#O......$
#.#.....#................
...$....#............#...
#.................._.# .#
##.#.#..#............#
.....#..#......#..#### ..
#. #......#.... .
.......#.... {


You could see a two-headed ogre.

Vanquished Creatures
  An ogre (D:5)
  2 centaurs
  A phantom (D:5)
  2 scorpions (D:5)
  3 hounds
  A gnoll shaman (D:5)
  A jelly (D:6)
  An orc priest (D:5)
  A bullfrog skeleton (D:4)
  An iguana (D:4)
  3 orc wizards
  A hound zombie (D:5)
  A hound skeleton (D:4)
  A howler monkey zombie (D:5)
  3 adders
  4 gnolls (D:5)
  10 orcs
  2 bats (D:3)
  3 endoplasms
  2 giant cockroaches (D:1)
  9 goblins
  3 hobgoblins
  9 kobolds
  3 quokkas
  10 ball pythons
  4 frilled lizards
  5 rats
87 creatures vanquished.

Vanquished Creatures (others)
  A centaur zombie (D:6)
  An adder zombie (D:6)
2 creatures vanquished.

Grand Total: 89 creatures vanquished

Notes
Turn   | Place    | Note
-------+----------+-------------------------------------------
     0 | D:1      | Anothat the Formicid Fighter began the quest for the Orb.
     0 | D:1      | Reached XP level 1. HP: 18/18 MP: 1/1
   270 | D:1      | Reached XP level 2. HP: 18/24 MP: 2/2
   521 | D:1      | Found a faded altar of an unknown god.
   914 | D:1      | Reached XP level 3. HP: 23/29 MP: 3/3
  1081 | D:2      | Reached skill level 4 in Shields
  1710 | D:3      | Reached XP level 4. HP: 37/37 MP: 4/4
  1999 | D:3      | Found Unlovu's Antique Armour Emporium.
  2888 | D:4      | Found Syubref's Jewellery Emporium.
  2897 | D:4      | Reached XP level 5. HP: 37/42 MP: 5/5
  3054 | D:4      | Noticed a centaur
  3083 | D:4      | Killed a centaur
  3084 | D:4      | Reached XP level 6. HP: 26/49 MP: 6/6
  3188 | D:4      | Reached skill level 5 in Shields
  3726 | D:5      | Entered Level 5 of the Dungeon
  3739 | D:5      | Reached XP level 7. HP: 44/55 MP: 7/7
  3914 | D:5      | Found a staircase to the Ecumenical Temple.
  3937 | D:5      | Found Neicoh's Weapon Shoppe.
  3964 | D:5      | Found Atiel's Jewellery Shoppe.
  4051 | D:5      | Found a transporter.
  4055 | D:5      | Noticed carontestyx's ghost (novice DECj)
  4056 | D:5      | Found a transporter.
  4103 | D:5      | Reached skill level 5 in Fighting
  4118 | D:5      | Reached skill level 5 in Armour
  5138 | D:5      | Reached skill level 6 in Shields
  5138 | D:5      | Reached XP level 8. HP: 56/63 MP: 8/8
  5269 | D:5      | Found Feseusus's Elemental Accessories.
  5356 | D:6      | Found a bloodstained altar of Trog.
  5357 | D:6      | Noticed a two-headed ogre
  5448 | Temple   | Entered the Ecumenical Temple
  5600 | Temple   | Became a worshipper of Yredelemnul the Dark
  5704 | D:6      | Reached * piety under Yredelemnul
  5751 | D:6      | HP: 2/64 [two-headed ogre (7)]
  5755 | D:6      | Mangled by a two-headed ogre

Illustrated notes

Levels and vault maps discovered:
D:1:      lightli_arrival_isolated_outpost, layout_loops_ring,
          hellmonk_ecumenical_altar_slurped_away
D:2:      layout_basic, minmay_tall_x
D:3:      layout_loops_corners, serial_shops, shop
D:4:      layout_basic, serial_shops, nicolae_stop_n_shop_2,
          minmay_misc_feat_hallway
D:5:      layout_basic, minmay_temple_entry_ruins, serial_shops,
          nicolae_shop_stone, nicolae_lakefront_shop, gammafunk_ghost_smash,
          nicolae_elemental_shop, minmay_misc_feat_doors
D:6:      layout_basic, mainiacjoe_overflow_chevrons,
          gammafunk_temple_overflow_statue, serial_curves, eino_curves_04,
          eino_curves_01, lightli_church_of_beogh
Temple:   eino_temple_scatter_basement

Skill      XL: |  1  2  3  4  5  6  7 |
---------------+----------------------+-----
Shields        | 4 5 6 |  6.4
Fighting       | 4 5 |  5.9
Armour         | 4 5 |  5.9
Axes           | 3 4 |  4.9

Action                   |  1- 3 |  4- 6 |  7- 9 || total
-------------------------+-------+-------+-------++-------
Melee: War axe           |   101 |   123 |    86 ||   310
 Abil: Dig               |       |       |     1 ||     1
Evoke: Wand              |       |       |     5 ||     5
  Use: Potion            |       |       |     1 ||     1
       Scroll            |       |       |     6 ||     6
Armor: Scale mail        |    39 |       |       ||    39
       Chain mail        |    10 |   105 |    50 ||   165
Dodge: Dodged            |    43 |    38 |    39 ||   120
Block: Buckler           |    18 |    32 |    24 ||    74
